 Dungeon Crawl Stone Soup version 0.29-a0-575-g0dc89cf053 (webtiles) character file.

Game seed: 2942058772673290704

37 frogsbabysitter the Skirmisher (level 3, -7/20 HPs)
             Began as a Vine Stalker Fighter on June 13, 2022.
             Succumbed to a kobold's poison
             ... on level 1 of the Dungeon.
             The game lasted 00:03:04 (1068 turns).

frogsbabysitter the Skirmisher (VSFi)               Turns: 1068, Time: 00:03:04

Health: -7/20      AC:  9    Str: 20    XL:     3   Next: 41%
Magic:  1/4        EV:  7    Int:  8    God:
Gold:   59         SH:  4    Dex: 13    Spells: 2/2 levels left

rFire   . . .      SeeInvis .   a - +0 long sword
rCold   . . .      Faith    .   c - +0 buckler
rNeg    . . .      Spirit   +   m - +0 chain mail
rPois   .          Reflect  .   (no helmet)
rElec   .          Harm     .   (no cloak)
rCorr   .          Rampage  .   (no gloves)
Will    .....                   p - +0 pair of boots
Stlth   ..........              (no amulet)
HPRegen 0.06/turn               (no ring)
MPRegen 0.09/turn               (no ring)

@: lethally poisoned (-7 -> -35)
A: fangs 2, magic shield, antimagic bite, no potion heal 2
a: no special abilities


You were on level 1 of the Dungeon.
You visited 1 branch of the dungeon, and saw 2 of its levels.

You collected 59 gold pieces.

Inventory:

Hand Weapons
 a - a +0 long sword (weapon)
Missiles
 i - 24 stones (quivered)
 j - 2 javelins
Armour
 b - a +0 scale mail
 c - a +0 buckler (worn)
 m - a +0 chain mail (worn)
 p - a +0 pair of boots (worn)
Scrolls
 e - a scroll of enchant weapon {unknown}
 k - 3 scrolls of identify {unknown}
 n - a scroll of summoning {unknown}
 o - a scroll of teleportation {unknown}
Potions
 d - a potion of might
 f - 2 potions of heal wounds {unknown}
 g - a potion of lignification {unknown}
 h - a potion of attraction {unknown}
 l - a potion of flight {unknown}


   Skills:
 + Level 3.1 Fighting
 * Level 3.0 Long Blades
 - Level 2.4 Armour
 - Level 2.6 Shields


You had 2 spell levels left.
You didn't know any spells.
Your spell library contained the following spells:

 Spells                   Type           Power      Damage    Failure   Level
 Malign Gateway           Summ/Tloc      0%         N/A       100%        7
 Summon Horrible Things   Summ           0%         N/A       100%        8


Dungeon Overview and Level Annotations

Branches:
Dungeon (2/15)

Altars:


Innate Abilities, Weirdness & Mutations

You have extremely sharp teeth.
When hurt, damage is shared between your health and your magic reserves.
Your bite disrupts and absorbs the magic of your enemies.
Potions cannot restore your health.


Message History

The endoplasm attacks as you move away! The endoplasm hits you.
The endoplasm attacks as you move away! You block the endoplasm's attack.
There is a stone staircase leading up here.
The endoplasm hits you but does no damage.
You climb upwards.
There is a stone staircase leading down here.
The endoplasm attacks as you move away! You block the endoplasm's attack.
You slash the endoplasm!
You kill the endoplasm!
You start resting.
Magic restored.
You start resting.
HP restored.
There is a stone staircase leading down here.
You climb downwards.
The hobgoblin completely misses you.
There is a stone staircase leading up here.
You hit the kobold. Your bite misses the kobold.
The kobold is severely wounded.
The kobold hits you but does no damage.
You are poisoned.
The hobgoblin hits you but does no damage.
You hit the kobold but do no damage.
The kobold is severely wounded.
You feel very sick.
The kobold hits you with a +2 whip of venom.
You are lethally poisoned!
The hobgoblin hits you. The endoplasm barely misses you.
The hobgoblin hits you but does no damage.
The endoplasm hits you. The kobold hits you but does no damage.
* * * LOW HITPOINT WARNING * * *
You feel very sick. The hobgoblin closely misses you.
The endoplasm freezes you.
You are frozen.
* * * LOW HITPOINT WARNING * * *
The kobold hits you with a +2 whip of venom.
* * * LOW HITPOINT WARNING * * *
You are more poisoned.
You climb upwards.
You die...

#..........#######.....
##...............#....≈
#................######
#......................
#......................
#................^.....
#......................
##....J...#............
##...@K..#............
#######g.........#####.
#................#####.
#######................
#.....)....###...
#..........##....
#####....#.#.....
#......#.....
##..#........


You could see an endoplasm, a hobgoblin and a kobold.

Vanquished Creatures
  An adder (D:2)
  A ball python (D:1)
  6 endoplasms
  3 goblins (D:2)
  5 hobgoblins
  A quokka (D:1)
  A bat (D:1)
  4 kobolds
  A rat (D:1)
23 creatures vanquished.

Notes
Turn   | Place    | Note
-------+----------+-------------------------------------------
     0 | D:1      | frogsbabysitter the Vine Stalker Fighter began the quest
                  | for the Orb.
     0 | D:1      | Reached XP level 1. HP: 11/11 MP: 2/2
    96 | D:1      | Reached XP level 2. HP: 13/16 MP: 3/3
   644 | D:2      | Reached XP level 3. HP: 18/20 MP: 4/4
   757 | D:2      | HP: 1/20 [endoplasm (1)]
  1067 | D:2      | HP: 1/20 [kobold/+2 whip of venom (2)]
  1068 | D:1      | Succumbed to a kobold's poison

Illustrated notes

Levels and vault maps discovered:
D:1:      nzn_arrival_depleted_hourglass, layout_rooms, minmay_pentomino_p2
D:2:      layout_rooms, uniq_terence, uniq_sigmund

Skill      XL: |  1  2  3 |
---------------+----------+-----
Long Blades    | 2 3 |  3.0
Fighting       | 3 |  3.1
Armour         | |  2.4
Shields        | |  2.6

Action                   || total
-------------------------++-------
Melee: Long sword        ||    57
       Bite              ||    10
Armor: Scale mail        ||     5
       Chain mail        ||    39
Dodge: Dodged            ||    13
Block: Buckler           ||    11

Table legend: (Time is in decaauts)
 A = Elapsed time spent in this place.
 B = Non-inter-level travel time spent in this place.
 C = Inter-level travel time spent in this place.
 D = Time resting spent in this place.
 E = Time spent auto-exploring this place.
 F = Levels seen in this place.
 G = Mean time per level.
                   A        B        C        D        E       F      G
               +--------+--------+--------+--------+--------+-----+--------+
         Total |   1087 |   1063 |     24 |    438 |    197 |   2 |  543.5 |
       Dungeon |   1087 |   1063 |     24 |    438 |    197 |   2 |  543.5 |
               +--------+--------+--------+--------+--------+-----+--------+

Top non-repeatable levels by time:
     D:1: 924 daAuts
     D:2: 163 daAuts
